 Dungeon Crawl Stone Soup version 0.27-a0-96-gb51a1d6fd6 (webtiles) character file.

Game seed: 16324543442382405136

6180 Essalna the Thaumaturge (level 10, -1/58 HPs)
             Began as a Deep Elf Air Elementalist on Jan 20, 2021.
             Was an Initiate of Vehumet.
             Slain by an orc
             ... wielding a +0 trident
              (7 damage)
             ... on level 10 of the Dungeon.
             The game lasted 00:21:41 (9929 turns).

Essalna the Thaumaturge (Deep Elf Air Elementalist) Turns: 9929, Time: 00:21:41

Health: -1/58      AC:  8    Str:  5    XL:     10   Next: 60%
Magic:  5/35       EV: 17    Int: 24    God:    Vehumet [......]
Gold:   515        SH:  0    Dex: 15    Spells: 21/30 levels left

rFire    . . .     SeeInvis .   H - staff of air
rCold    . . .     Faith    .   (no shield)
rNeg     . . .     Spirit   .   a - +0 robe
rPois    +         Reflect  .   h - +1 hat
rElec    +         Harm     .   r - +0 cloak
rCorr    .         Rampage  .   F - +0 pair of gloves
Will     +....                  j - +1 pair of boots
Stlth    ++........             J - amulet of magic regeneration
HPRegen  0.19/turn              I - ring of poison resistance
MPRegen  0.49/turn              y - ring of magical power

@: about to teleport
A: no striking features
a: Renounce Religion


You were on level 10 of the Dungeon.
You worshipped Vehumet.
Vehumet was noncommittal.
You visited 2 branches of the dungeon, and saw 11 of its levels.

You collected 515 gold pieces.

Inventory:

Hand Weapons
 b - a +0 dagger
 g - a +4 dagger
 v - a +0 whip of electrocution
Missiles
 e - 7 atropa-tipped darts
Armour
 a - a +0 robe (worn)
 h - a +1 hat (worn)
 j - a +1 pair of boots (worn)
 r - a +0 cloak (worn)
 F - a +0 pair of gloves (worn)
Magical Staves
 H - an uncursed staff of air (weapon)
Jewellery
 k - a +4 ring of slaying
 n - an uncursed ring of willpower {unknown}
 y - a ring of magical power (right hand)
 I - a ring of poison resistance (left hand)
 J - an amulet of magic regeneration (around neck)
Scrolls
 c - 2 scrolls of enchant armour
 d - 9 scrolls of identify
 l - a scroll of fog
 m - 3 scrolls of noise
 q - a scroll of fear
 s - 3 scrolls of remove curse
 w - a scroll of immolation
 B - a scroll of amnesia
 D - 5 scrolls of teleportation
 E - a scroll of blinking
 G - a scroll of magic mapping {unknown}
Potions
 f - a potion of haste {unknown}
 i - a potion of brilliance {unknown}
 o - a potion of degeneration {unknown}
 p - a potion of magic {unknown}
 t - 2 potions of curing {unknown}
 u - a potion of flight {unknown}
 x - a potion of ambrosia {unknown}
 z - a potion of attraction {unknown}
 A - 2 potions of mutation {unknown}
 C - a potion of invisibility {unknown}


   Skills:
 + Level 4.6 Fighting
 + Level 4.6 Armour
 + Level 7.4 Dodging
 - Level 2.4 Stealth
 + Level 10.7 Spellcasting
 - Level 6.0 Conjurations
 + Level 8.6 Air Magic


You had 21 spell levels left.
You knew the following spells:

 Your Spells              Type           Power        Failure   Level
a - Shock                 Conj/Air       100%         1%          1
b - Swiftness             Air            69%          1%          2
c - Airstrike             Air            34%          1%          4
d - Blink                 Tloc           N/A          8%          2

Your spell library contained the following spells:

 Spells                   Type           Power        Failure   Level
 Magic Dart               Conj           100%         1%          1
 Mephitic Cloud           Conj/Pois/Air  53%          1%          3
 Static Discharge         Conj/Air       64%          1%          3
 Conjure Flame            Conj/Fire      27%          4%          3
 Lightning Bolt           Conj/Air       32%          7%          5
 Call Imp                 Summ           12%          8%          2
 Slow                     Hex            12%          8%          2


Dungeon Overview and Level Annotations

Branches:
Dungeon (10/15)            Temple (1/1) D:4
   Lair: D:8-11         Orc: D:9-12

Altars:
Ashenzari
Cheibriados
Dithmenos
Elyvilon
Fedhas
Gozag
Hepliaklqana
Kikubaaqudgha
Makhleb
Nemelex Xobeh
Okawaru
Qazlal
Ru
Sif Muna
Trog
Vehumet
Xom
Yredelemnul
Zin
The Shining One

Shops:
D:8 =   D:9 (


Message History

You feel a surge of power!
The air twists around and strikes the orc wizard!
You kill the orc wizard!
Vehumet accepts your kill. Something barely misses you.
A soldier ant comes into view.
The orc hits you from afar with a +0 trident!
* * * LOW HITPOINT WARNING * * *
The orc misses you.
As you read the scroll of teleportation, it crumbles to dust.
You feel strangely unstable. Something completely misses you.
The sky beast flickers out of sight!
The orc barely misses you. The orc hits you with a +0 dagger.
* * * LOW HITPOINT WARNING * * *
The orc hits you.
* * * LOW HITPOINT WARNING * * *
You barely miss something. Something barely misses you.
A yak comes into view.
The orc hits you from afar with a +0 trident!
You die...

#..
#..#####
#.B....Y
#......
#......
#.....#
#...o.#
#..o.@#
#...)o#
#..)..#
#.....#
#......
#.....#
#.#.#.#
#.#.#.#


You could see a yak, a soldier ant and 3 orcs.

Vanquished Creatures
  A centaur warrior (D:9)
  A two-headed ogre (D:8)
  Pikel (D:4)
  Sigmund (D:5)
  Eustachio (D:4)
  Edmund (D:4)
  An acid dragon (D:8)
  A water moccasin (D:5)
  2 ice beasts
  2 sky beasts
  3 orc warriors
  A phantom (D:8)
  A necrophage (D:9)
  4 ogres
  A lemure (D:4)
  3 centaurs
  6 bullfrogs
  A wyvern skeleton (D:8)
  4 scorpions
  8 wights (D:6)
  4 killer bees (D:8)
  4 howler monkeys
  A centaur zombie (D:8)
  5 hounds
  A bullfrog skeleton (D:4)
  A jelly (D:8)
  2 orc priests
  A centaur skeleton (D:5)
  A gnoll shaman (D:6)
  An iguana (D:5)
  10 orc wizards
  6 worker ants
  A killer bee zombie (D:6)
  2 hound skeletons
  A worker ant zombie (D:5)
  9 gnolls
  12 adders
  A shadow imp (D:5)
  A white imp (D:8)
  An ufetubus (D:8)
  2 adder skeletons
  A worm (D:2)
  2 dart slugs
  7 leopard geckos
  27 orcs
  9 bats
  2 giant cockroaches
  6 goblins
  8 hobgoblins
  7 jackals
  4 quokkas
  2 ball pythons
  4 frilled lizards
  10 kobolds
  A leopard gecko zombie (D:7)
  A quokka skeleton (D:4)
  7 rats
209 creatures vanquished.

Vanquished Creatures (others)
  A ball python (D:8)
1 creature vanquished.

Grand Total: 210 creatures vanquished

Notes
Turn   | Place    | Note
-------+----------+-------------------------------------------
     0 | D:1      | Essalna the Deep Elf Air Elementalist began the quest for
                  | the Orb.
     0 | D:1      | Reached XP level 1. HP: 10/10 MP: 6/6
   204 | D:1      | Reached XP level 2. HP: 15/15 MP: 6/8
   982 | D:2      | Reached XP level 3. HP: 19/19 MP: 7/10
  1866 | D:3      | Reached skill level 4 in Spellcasting
  1942 | D:3      | Reached XP level 4. HP: 24/24 MP: 3/12
  2201 | D:3      | Found a glowing drain.
  2648 | D:3      | Reached XP level 5. HP: 18/28 MP: 7/14
  2770 | D:4      | Noticed Eustachio
  2790 | D:4      | Killed Eustachio
  2791 | D:4      | Reached skill level 5 in Spellcasting
  2791 | D:4      | Reached XP level 6. HP: 32/32 MP: 6/16
  2794 | D:4      | Learned a level 2 spell: Swiftness
  2799 | D:4      | Learned a level 4 spell: Airstrike
  2966 | D:4      | Reached skill level 6 in Spellcasting
  2966 | D:4      | Reached skill level 5 in Air Magic
  3067 | D:4      | Noticed Pikel
  3080 | D:4      | Killed Pikel
  3081 | D:4      | Reached skill level 7 in Spellcasting
  3081 | D:4      | Reached skill level 5 in Conjurations
  3081 | D:4      | Reached XP level 7. HP: 29/36 MP: 6/19
  3247 | D:4      | Found a staircase to the Ecumenical Temple.
  3504 | D:4      | Noticed Edmund
  3517 | D:4      | Killed Edmund
  3518 | D:4      | Reached XP level 8. HP: 28/41 MP: 2/21
  4184 | D:4      | Learned a level 2 spell: Blink
  4324 | Temple   | Entered the Ecumenical Temple
  4639 | D:5      | Entered Level 5 of the Dungeon
  4640 | D:5      | Noticed Sigmund
  4649 | D:5      | Reached skill level 8 in Spellcasting
  4746 | D:5      | Killed Sigmund
  4747 | D:5      | Reached skill level 1 in Fighting
  4747 | D:5      | Reached skill level 1 in Armour
  4975 | D:5      | Found a shadowy altar of Dithmenos.
  6022 | D:6      | Found a white marble altar of Elyvilon.
  6096 | D:6      | Found a sparkling altar of Nemelex Xobeh.
  6162 | D:6      | Reached XP level 9. HP: 48/48 MP: 16/23
  6529 | D:6      | Reached skill level 9 in Spellcasting
  6684 | D:6      | Found a glowing silver altar of Zin.
  6685 | D:6      | Found a sacrificial altar of Ru.
  6813 | D:6      | Reached skill level 5 in Dodging
  8313 | D:7      | Found a bloodstained altar of Trog.
  9132 | D:8      | Reached XP level 10. HP: 45/56 MP: 19/25
  9175 | D:8      | Reached skill level 10 in Spellcasting
  9322 | D:8      | Found a radiant altar of Vehumet.
  9330 | D:8      | Became a worshipper of Vehumet
  9401 | D:8      | Noticed a two-headed ogre
  9404 | D:8      | Killed a two-headed ogre
  9509 | D:8      | Found Hietu's Jewellery Shoppe.
  9827 | D:9      | Found a glowing golden altar of the Shining One.
  9829 | D:9      | Found Weufe's Antique Weapon Emporium.
  9913 | D:9      | Noticed a centaur warrior
  9917 | D:9      | Noticed a centaur warrior
  9918 | D:9      | Killed a centaur warrior
  9924 | D:10     | Entered Level 10 of the Dungeon
  9929 | D:10     | Slain by an orc

Illustrated notes

Levels and vault maps discovered:
D:1:      mrwooster_arrival_statue_3, layout_rooms
D:2:      layout_loops_ring, serial_glass, glass_columns_b, glass_columns_a,
          minmay_diced_spiral
D:3:      layout_basic, portal_sewer_entry_a
D:4:      layout_basic, minmay_temple_entry_glassed_door, minmay_fountain_box,
          kennysheep_generic_room_8, uniq_eustachio, uniq_pikel, uniq_edmund
D:5:      layout_cave_pods, nicolae_dithmenos_the_darkroom,
          amcnicky_mini_corridor_feature, uniq_sigmund
D:6:      layout_basic, general_overflow_altar,
          gammafunk_temple_overflow_statue, nemelex_altar_shiori
D:7:      layout_cave_pods, lemuel_round_altar
D:8:      layout_cave_pools, vehumet_crystals, serial_shops, shop
D:9:      layout_rooms, gammafunk_temple_overflow_arena,
          nicolae_overflow_crystal_walls, lemuel_doored_altar, serial_shops,
          nicolae_shop_stone, nicolae_shop_statue_plus, nicolae_shop_trees,
          shop, shop, minmay_bent, uniq_joseph
D:10:     layout_stronghold, serial_shops, shop_fountains,
          serial_co_window_serial, co_window_paths_a, co_window_paths_b,
          co_window_paths_a, co_window_paths_a, co_window_corner_a,
          co_window_corner_a, co_window_corner_a, co_window_of_opportunity_b,
          co_window_broadway_c, co_window_corner_b, co_window_unsneaky_path_d,
          co_window_broadway_a, co_window_broadway_b, co_window_4corner_b,
          glass_columns_a, basic_altar, uniq_grum
Temple:   nicolae_temple_x_marks_the_god

Skill      XL: |  1  2  3  4  5  6  7  8  9 10 |
---------------+-------------------------------+-----
Conjurations   | 2 3 4 5 6 |  6.0
Spellcasting   | 4 5 7 8 9 10 | 10.7
Air Magic      | 4 5 6 7 8 |  8.6
Fighting       | 2 3 4 |  4.6
Armour         | 2 3 4 |  4.6
Dodging        | 4 6 7 |  7.4
Stealth        | |  2.4

Action                   |  1- 3 |  4- 6 |  7- 9 | 10-12 || total
-------------------------+-------+-------+-------+-------++-------
Melee: Dagger            |    19 |    17 |       |       ||    36
       Whip              |       |       |    20 |       ||    20
       Staff             |       |       |     3 |     1 ||     4
 Cast: Shock             |    92 |    94 |    74 |       ||   260
       Airstrike         |       |       |   120 |    50 ||   170
       Blink             |       |       |     1 |       ||     1
  Use: Scroll            |    10 |       |     4 |     1 ||    15
       Potion            |       |     1 |     1 |       ||     2
Armor: Robe              |     6 |    12 |    13 |     1 ||    32
Dodge: Dodged            |    29 |    32 |    41 |    11 ||   113

Table legend: (Time is in decaauts)
 A = Elapsed time spent in this place.
 B = Non-inter-level travel time spent in this place.
 C = Inter-level travel time spent in this place.
 D = Time resting spent in this place.
 E = Time spent auto-exploring this place.
 F = Levels seen in this place.
 G = Mean time per level.
                   A        B        C        D        E       F      G
               +--------+--------+--------+--------+--------+-----+--------+
         Total |   9932 |   9490 |    442 |    187 |   8131 |  11 |  902.9 |
       Dungeon |   9876 |   9440 |    436 |    187 |   8083 |  10 |  987.6 |
        Temple |     55 |     49 |      6 |      0 |     48 |   1 |   55.0 |
               +--------+--------+--------+--------+--------+-----+--------+

Top non-repeatable levels by time:
     D:4: 1927 daAuts
     D:6: 1707 daAuts
     D:7: 1485 daAuts
     D:5: 1082 daAuts
     D:2: 1079 daAuts
     D:3: 963 daAuts
     D:8: 816 daAuts
     D:1: 712 daAuts
     D:9: 96 daAuts
  Temple: 55 daAuts
    D:10: 4 daAuts
